 Dungeon Crawl Stone Soup version 0.30-a0-4-ga7cffc901d (webtiles) character file.

Game seed: 8327186871176716649

39 Sobieck the Digger (level 3, -2/26 HPs)
             Began as a Ghoul Earth Elementalist on Aug 21, 2022.
             Slain by a gnoll
             ... wielding a +0 flail
              (6 damage)
             ... on level 2 of the Dungeon.
             The game lasted 00:02:56 (1905 turns).

Sobieck the Digger (Ghoul Earth Elementalist)       Turns: 1905, Time: 00:02:56

Health: -2/26      AC:  2    Str: 11    XL:     3   Next: 45%
Magic:  0/5        EV: 12    Int: 12    God:
Gold:   77         SH:  0    Dex:  9    Spells: 6/7 levels left

rFire   . . .      SeeInvis .    (no weapon)
rCold   + . .      Faith    .    (no shield)
rNeg    + + +      Spirit   .    a - +0 robe
rPois   ∞          Reflect  .    (no helmet)
rElec   .          Harm     .    (no cloak)
rCorr   .          Rampage  .    (no gloves)
Will    .....                    (no boots)
Stlth   ++........               (no amulet)
HPRegen 0.00/turn                (no ring)
MPRegen 0.09/turn                (no ring)

@: inhibited regen
A: claws 1, cold resistance 1, negative energy resistance 3, inhibited
regeneration, torment resistance 2, devour on kill
a: no special abilities


You were on level 2 of the Dungeon.
You visited 1 branch of the dungeon, and saw 2 of its levels.

You collected 77 gold pieces.


Innate Abilities, Weirdness & Mutations

You are immune to poison.
You have sharp fingernails.
Your flesh is cold resistant. (rC+)
You are immune to negative energy. (rN+++)
You do not regenerate when monsters are visible.
You are immune to unholy pain and torment.
You thrive by killing the living.


   Skills:
 - Level 1.7 Dodging
 - Level 2.1 Stealth
 + Level 2.5 Spellcasting
 - Level 0.8 Transmutations
 + Level 4.1 Earth Magic


You had 6 spell levels left.
You knew the following spells:

 Your Spells              Type           Power      Damage    Failure   Level
a - Sandblast             Erth           22%        2d7       4%          1

Your spell library contained the following spells:

 Spells                   Type           Power      Damage    Failure   Level
 Passwall                 Tmut/Erth      5%         N/A       14%         2
 Stone Arrow              Conj/Erth      12%        3d7       32%         3
 Petrify                  Tmut/Erth      7%         N/A       67%         4

Inventory:

Hand Weapons
 d - a +0 spear {polearm}
   (You found it on level 1 of the Dungeon)
 h - a +0 flail {mace}
   (You found it on level 1 of the Dungeon)
 j - a +0 club {mace}
   (You took it off a goblin on level 1 of the Dungeon)
 l - a +0 club {mace}
   (You took it off a goblin on level 1 of the Dungeon)
 m - a +0 dagger {short}
   (You took it off a kobold on level 1 of the Dungeon)
 s - a +0 club {mace}
   (You took it off a goblin on level 1 of the Dungeon)
 t - a +0 short sword {short}
   (You took it off a kobold on level 1 of the Dungeon)
 w - a +0 hand axe {axe}
   (You found it on level 2 of the Dungeon)
Missiles
 k - 11 stones {throwing}
Armour
 a - a +0 robe (worn)
 q - a +0 ring mail
   (You found it on level 1 of the Dungeon)
Scrolls
 c - a scroll of blinking {unknown}
 f - a scroll of torment {unknown}
 g - 2 scrolls of fear {unknown}
 u - a scroll of identify {unknown}
 v - a scroll of noise {unknown}
Potions
 b - a potion of magic
 e - a potion of attraction {unknown}
 i - a potion of curing {unknown}
 n - a potion of ambrosia {unknown}
 o - a potion of cancellation {unknown}
 p - a potion of haste {unknown}
 r - a potion of flight {unknown}

Dungeon Overview and Level Annotations

Branches:
Dungeon (2/15) Zot: 10072

Altars:

#..#.# #.g.# #.# #.# #.#
#)# ### #.# ..##
#.################## ...##
#.....g@............ <...#
###...######.....## ....###
###............# ......##
########.....#
.......##############.....#
................†.........#
........#############.....#
........# #.....# .......##
#......#


You could see a gnoll.


Message History

Your experience leads to an increase in your attributes!
Increase (S)trength, (I)ntelligence, or (D)exterity?
You feel clever. x2
Unknown command.
There is a stone staircase leading up here.
Unknown command.
The blast of sand hits the ball python!
You kill the ball python!
Unknown command.
The blast of sand hits the quokka.
Unknown command.
The blast of sand hits the quokka.
You kill the quokka!
Your Earth Magic skill increases to level 4!
Unknown command.
You climb upwards.
There is a stone staircase leading down here.
Unknown command.
You start resting.
You start waiting.
Done waiting.
Unknown command.
Partly explored, can't reach some places.
Unknown command.
You climb downwards.
There is a stone staircase leading up here.
Unknown command.
w - a +0 hand axe {axe} Unknown command.
A rat comes into view.
Danger!
The blast of sand hits the rat.
You kill the rat!
You see here a rat corpse.
A quokka comes into view.
Danger!
Unknown command.
Unknown command.
Unknown command.
The blast of sand hits the quokka!
You kill the quokka!
Unknown command.
You can't see any susceptible monsters within range! (Use Z to cast anyway.) Unknown command.
You can't see any susceptible monsters within range! (Use Z to cast anyway.) Unknown command.
A ball python comes into view.
Danger!
The blast of sand hits the ball python!
You kill the ball python!
Found a stone staircase leading down.
Unknown command.
There is a stone staircase leading down here.
k - 11 stones {throwing} (gained 6)
A gnoll comes into view. It is wielding a +0 spear.
Danger!
A giant cockroach and a frilled lizard come into view.
The gnoll shouts!
You hear a shout! x2
A gnoll comes into view. It is wielding a +0 spear.
The giant cockroach moves out of view.
The frilled lizard moves out of view.
Unknown command.
A gnoll comes into view. It is wielding a +0 flail.
The gnoll moves out of view.
Danger!
Unknown command.
The blast of sand hits the gnoll.
Unknown command.
The blast of sand hits the gnoll!
You kill the gnoll!
Unknown command.
You miscast Sandblast.
You are very lightly contaminated with residual magic.
Nothing appears to happen.
A ball python comes into view.
The ball python moves out of view.
The blast of sand misses the gnoll.
Unknown command.
The blast of sand misses the gnoll.
The gnoll barely misses you. The gnoll hits you with a +0 flail.
Unknown command.
The gnoll attacks as you move away! The gnoll closely misses you.
The gnoll attacks as you move away! The gnoll hits you with a +0 flail.
Your magical contamination has completely faded away.
The gnoll attacks as you move away! The gnoll hits you with a +0 flail!
* * * LOW HITPOINT WARNING * * *
There is a stone staircase leading down here.
Unknown command.
Casting: Sandblast (safe; 4% risk of failure)
Confirm with . or Enter, or press ? or * to list all spells.
Aiming: Sandblast (safe; 4% risk of failure)
Press: ? - help, Shift-Dir - straight line, f/p - gnoll
Aim: a gnoll, wielding a +0 flail (84% to hit)
The blast of sand hits the gnoll.
The gnoll hits you with a +0 flail.
You die...

Skill      XL: |  1  2  3 |
---------------+----------+-----
Spellcasting   | 2 |  2.5
Earth Magic    | 4 |  4.1
Dodging        | |  1.7
Stealth        | |  2.1
Transmutations | |  0.8

Action                   || total
-------------------------++-------
Melee: Unarmed           ||    17
 Cast: Sandblast         ||    41
Armor: Robe              ||     4
Dodge: Dodged            ||    14

Levels and vault maps discovered:
D:1:      saegor_arrival_fortress, layout_loops_corners
D:2:      minmay_recursive_quarters, layout_rooms

Notes
Turn   | Place    | Note
-------+----------+-------------------------------------------
     0 | D:1      | Sobieck the Ghoul Earth Elementalist began the quest for
                  | the Orb.
     0 | D:1      | Reached XP level 1. HP: 14/14 MP: 2/2
   245 | D:1      | Reached skill level 2 in Spellcasting
   390 | D:1      | Reached XP level 2. HP: 20/20 MP: 2/4
  1646 | D:2      | Reached XP level 3. HP: 26/26 MP: 3/5
  1651 | D:2      | Reached skill level 4 in Earth Magic
  1902 | D:2      | HP: 4/26 [gnoll/+0 flail (11)]
  1905 | D:2      | Slain by a gnoll

Vanquished Creatures
  A gnoll (D:2)
  A dart slug (D:1)
  3 goblins (D:1)
  3 hobgoblins (D:1)
  4 quokkas
  5 ball pythons
  3 bats
  2 frilled lizards (D:1)
  2 kobolds (D:1)
  3 rats
27 creatures vanquished.

Table legend:
 A = Non-vault XP
 B = Vault XP
 C = Vault XP percentage of total XP
 D = Non-vault monster count
 E = Vault monster count
 F = Vault count percentage of total count
                 A         B        C        D         E       F
            +---------+---------+-------+---------+---------+-------
      Total |      56 |       0 |   0.0 |      27 |       0 |   0.0
            +---------+---------+-------+---------+---------+-------
        D:1 |      32 |       0 |   0.0 |      20 |       0 |   0.0
        D:2 |      24 |       0 |   0.0 |       7 |       0 |   0.0
            +---------+---------+-------+---------+---------+-------

Illustrated notes

Table legend:
 A = Kills in this place as a percentage of kills in entire the game.
 B = Kills by you in this place as a percentage of kills by you in the entire game.
 C = Kills by friends in this place as a percentage of kills by friends in the entire game.
 D = Other kills in this place as a percentage of other kills in the entire game.
 E = Experience gained in this place as a percentage of experience gained in the entire game.
 F = Experience gained in this place divided by the number of levels of this place that you have seen.
                   A       B       C       D       E      F
               +-------+-------+-------+-------+-------+----------------------
         Total | 100.0 | 100.0 |   N/A |   N/A | 100.0 |  28.0
       Dungeon | 100.0 | 100.0 |   N/A |   N/A | 100.0 |  28.0
               +-------+-------+-------+-------+-------+----------------------

Table legend: (Time is in decaauts)
 A = Elapsed time spent in this place.
 B = Non-inter-level travel time spent in this place.
 C = Inter-level travel time spent in this place.
 D = Time resting spent in this place.
 E = Time spent auto-exploring this place.
 F = Levels seen in this place.
 G = Mean time per level.
                   A        B        C        D        E       F      G
               +--------+--------+--------+--------+--------+-----+--------+
         Total |   1925 |   1922 |      3 |    537 |   1207 |   2 |  962.5 |
       Dungeon |   1925 |   1922 |      3 |    537 |   1207 |   2 |  962.5 |
               +--------+--------+--------+--------+--------+-----+--------+

Top non-repeatable levels by time:
     D:1: 1804 daAuts
     D:2: 121 daAuts
